 Dungeon Crawl Stone Soup version 0.30.1-4-g462c640d31 (webtiles) character file.

Game seed: 12715703089278624390

17 Hetzau the Grave Robber (level 2, 0/19 HPs)
             Began as a Mummy Necromancer on Sept 16, 2023.
             Slain by an adder (3 damage)
             ... on level 2 of the Dungeon.
             The game lasted 00:12:33 (1356 turns).

Hetzau the Grave Robber (Mummy Necromancer)         Turns: 1356, Time: 00:12:33

Health: 0/19       AC:  6    Str: 11    XL:     2   Next: 44%
Magic:  2/6        EV: 10    Int: 14    God:
Gold:   44         SH:  0    Dex: 12    Spells: 6/7 levels left

rFire   x . .        b - +0 spear
rCold   + . .        (no shield)
rNeg    + + +        l - +1 ring mail
rPois   ∞            (no helmet)
rElec   .            (no cloak)
rCorr   .            (no gloves)
SInv    .            (no boots)
Will    .....        (no amulet)
Stlth   +            (no ring)
HPRegen 0.23/turn    (no ring)
MPRegen 0.10/turn

%: faith
@: about to teleport, very slightly contaminated
A: cold resistance 1, negative energy resistance 3, torment resistance 2, heat
vulnerability 1, no potions, faith
a: no special abilities


You were on level 2 of the Dungeon.
You visited 1 branch of the dungeon, and saw 2 of its levels.

You collected 44 gold pieces.

Inventory:

Hand Weapons
 b - a +0 spear (weapon)
 c - a +0 sling
 i - a +0 whip
Armour
 a - a +0 robe
 l - a +1 ring mail (worn)
Scrolls
 f - 2 scrolls of identify {unknown}
 g - a scroll of magic mapping {unknown}
Potions
 d - a potion of resistance (quivered) {unknown}


   Skills:
 + Level 1.8 Dodging
 - Level 1.5 Stealth
 * Level 3.2 Spellcasting
 * Level 4.2 Necromancy


You had 6 spell levels left.
You knew the following spells:

 Your Spells              Type           Power      Damage    Failure   Level
a - Necrotise             Necr           56%        1d6       9%          1

Your spell library contained the following spells:

 Spells                   Type           Power      Damage    Failure   Level
 Vampiric Draining        Necr           14%        2d7       26%         3
 Animate Dead             Necr           14%        N/A       65%         4
 Ozocubu's Armour         Ice            2%         N/A       83%         3
 Agony                    Necr           14%        N/A       94%         5
 Fireball                 Conj/Fire      1%         3d3       100%        5
 Iskenderun's Battlesphe  Conj           2%         2d6       100%        5
 Conjure Ball Lightning   Conj/Air       1%         3x3d6     100%        6
 Orb of Destruction       Conj           1%         9d5       100%        7
 Ozocubu's Refrigeration  Ice            1%         4d7       100%        7


Dungeon Overview and Level Annotations

Branches:
Dungeon (2/15)

Altars:


Innate Abilities, Weirdness & Mutations

You are immune to poison.
Your flesh is cold resistant. (rC+)
You are immune to negative energy. (rN+++)
You are immune to unholy pain and torment.
You are vulnerable to heat. (rF-)
You do not drink.
You have a special connection with the divine. (Faith)


Message History

The adder bites you.
The quokka bites you but does no damage.
The adder bites you but does no damage.
Aiming: Necrotise (safe; 9% risk of failure)
Press: ? - help, Q - select action Shift-Dir - straight line, f/p - adder
Aim: an adder (severely wounded, chance to affect: 78%)
The adder barely resists.
The quokka bites you but does no damage.
The adder bites you.
* * * LOW HITPOINT WARNING * * *
As you read the scroll labelled UBICHUELEU, it crumbles to dust.
You feel strangely unstable.
It was a scroll of teleportation.
The quokka barely misses you. The adder closely misses you.
As you read the scroll labelled BUTUG IRHEZE, it crumbles to dust.
The scroll dissolves into smoke.
It was a scroll of fog.
The quokka misses you. The adder bites you.
* * * LOW HITPOINT WARNING * * *
The quokka bites you but does no damage.
The adder closely misses you.
Blink to where?
Press: ? - help, Dir - move target, f - you, p - adder Blink to where?
Press: ? - help, Dir - move target, f - you, p - adder You can't blink onto the adder!
Blink to where?
Press: ? - help, Dir - move target, f - you, p - adder Blink to where?
Press: ? - help, Dir - move target You can't see that place. [the floor.]
Okay, then.
As you read the scroll labelled PEUCU JIKHEMM, it crumbles to dust.
It was a scroll of blinking.
The quokka bites you.
* * * LOW HITPOINT WARNING * * *
The adder bites you but does no damage.
As you read the scroll labelled IXEZ OGOTS, it crumbles to dust.
It is a scroll of enchant armour.
Your +0 ring mail glows green for a moment.
The adder bites you.
You die...

.#......#
# .......
.#
..!..##..#
.......
#..#.#
#g...#
#S##.# #S#
#@# #r#
#K# ..#
...# ....#
......
.)....#
#.K....#


You could see an adder, a quokka, a ball python and a kobold.

Vanquished Creatures
  An endoplasm (D:1)
  2 goblins (D:1)
  A hobgoblin (D:2)
  4 ball pythons (D:1)
  A bat (D:1)
  2 frilled lizards
  2 kobolds (D:1)
  A rat (D:2)
14 creatures vanquished.

Vanquished Creatures (collateral kills)
  A kobold (D:1)
  A quokka (D:1)
  2 rats (D:1)
4 creatures vanquished.

Grand Total: 18 creatures vanquished

Notes
Turn   | Place    | Note
-------+----------+-------------------------------------------
     0 | D:1      | Hetzau the Mummy Necromancer began the quest for the Orb.
     0 | D:1      | Reached XP level 1. HP: 13/13 MP: 4/4
   518 | D:1      | Reached XP level 2. HP: 19/19 MP: 0/6
  1356 | D:2      | Slain by an adder

Illustrated notes

Levels and vault maps discovered:
D:1:      saegor_arrival_miasma, layout_loops_ring, st_stairs_4,
          minmay_misc_feat_cross, nrook_mini_vaults
D:2:      layout_basic, st_stairs_12, serial_bayou_pond_a,
          uniq_crazy_yiuf_cottage, uniq_terence

Skill      XL: |  1 |
---------------+----+-----
Spellcasting   | 3 |  3.2
Dodging        | |  1.8
Stealth        | |  1.5
Necromancy     | |  4.2

Action                     || total
---------------------------++-------
  Melee: Spear             ||    30
   Cast: Necrotise         ||    17
    Use: Scroll            ||     4
 Armour: Robe              ||     6
         Ring mail         ||    11
  Dodge: Dodged            ||    24
